 Dungeon Crawl Stone Soup version 0.28.0 (webtiles) character file.

Game seed: 17881576089088593002

16373 mkm the Severer (level 12, -60/110 HPs)
             Began as a Minotaur Berserker on Feb 10, 2022.
             Was an Elder of Trog.
             Annihilated by a minotaur (64 damage)
             ... in a Gauntlet.
             The game lasted 00:44:03 (12765 turns).

mkm the Severer (Minotaur Berserker)               Turns: 12765, Time: 00:44:03

Health: -60/110    AC: 21    Str: 23    XL:     12   Next: 9%
Magic:  11/11      EV:  9    Int:  4    God:    Trog [****..]
Gold:   749        SH:  0    Dex: 12    Spells: 11/11 levels left

rFire   . . .      SeeInvis +   u - +9 war axe "Esauth" {flame, rPois rCorr Str-2 Stlth+}
rCold   . . .      Faith    .   (no shield)
rNeg    . . .      Spirit   .   t - +4 plate armour {rPois}
rPois   +          Reflect  .   (helmet restricted)
rElec   .          Harm     .   (no cloak)
rCorr   +          Rampage  .   g - +0 pair of gloves
Will    ++...      NoTele   +   (no boots)
Stlth   ..........              (no amulet)
HPRegen 1.28/turn               r - ring of poison resistance
MPRegen 0.12/turn               A - ring of see invisible

@: strong-willed, on berserk cooldown, regenerating, slowed, very slow
A: horns 2, retaliatory headbutt
a: Renounce Religion, Berserk, Trog's Hand, Brothers in Arms


You were in a Gauntlet.
You worshipped Trog.
Trog was greatly pleased with you.
You visited 2 branches of the dungeon, and saw 12 of its levels.
You also visited: Bailey and Gauntlet.

You collected 749 gold pieces.

Inventory:

Hand Weapons
 a - a +0 mace
 l - a +0 war axe
 u - the +9 war axe "Esauth" (weapon) {flame, rPois rCorr Str-2 Stlth+}
   (You found it on level 7 of the Dungeon)

   It burns those it strikes, dealing additional fire damage.
   Big, fiery blades are also staple armaments of hydra-hunters.
   Str:       It affects your strength (-2).
   rPois:     It protects you from poison.
   rCorr:     It protects you from acid and corrosion.
   Stlth:     It makes you more stealthy.
 z - a +5 hand axe of freezing
Armour
 g - a +0 pair of gloves (worn)
 t - a +4 plate armour of poison resistance (worn)
Jewellery
 r - a ring of poison resistance (left hand)
 w - a ring of fire
 A - a ring of see invisible (right hand)
 B - a ring of ice
 E - a ring of protection from fire
Wands
 y - a wand of polymorph (6)
Scrolls
 h - a scroll of blinking {unknown}
 i - a scroll of enchant weapon
 j - a scroll of immolation {unknown}
 m - a scroll of silence {unknown}
 n - a scroll of brand weapon {unknown}
 o - a scroll of magic mapping {unknown}
 p - a scroll of teleportation
 s - a scroll of torment {unknown}
 D - a scroll of acquirement {unknown}
Potions
 b - a potion of resistance {unknown}
 c - 3 potions of heal wounds
 d - 2 potions of berserk rage
 e - 3 potions of flight
 f - 6 potions of curing
 k - 3 potions of lignification
 v - a potion of brilliance {unknown}
 x - a potion of haste
 C - a potion of cancellation {unknown}
Miscellaneous
 q - a piece from Xom's chessboard (15/15)


   Skills:
 + Level 11.6 Fighting
 + Level 15.4(15.5) Axes
 - Level 3.6(10.7) Maces & Flails
 + Level 12.4 Armour
 + Level 6.8 Dodging


You had 11 spell levels left.
You didn't know any spells.
Your spell library was empty.

Dungeon Overview and Level Annotations

Branches:
Dungeon (11/15)            Temple (0/1) D:5            Lair (1/6) D:9
 Bailey (visited)         Gauntlet (1/1)
    Orc: D:9-12

Altars:
Ashenzari
Cheibriados
Elyvilon
Fedhas
Gozag
Kikubaaqudgha
Makhleb
Qazlal
Sif Muna
Trog
Uskayaw
Xom
Yredelemnul
The Shining One

Shops:
D:5 *

Annotations:
Lair:1 Fannar Gauntlet 8 transporters, 2 runed translucent doors


Innate Abilities, Weirdness & Mutations

You have a pair of horns on your head.
You reflexively headbutt those who attack you in melee.


Message History

Your black bear barely misses the minotaur.
Your black bear bites the minotaur but does no damage.
Your black bear claws the minotaur but does no damage. x2
The minotaur hits your black bear with a +4 great mace of protection!!
Your black bear dies!
Your black bear's corpse disappears in a puff of smoke!
Okay, then.
Unknown command.
Press: ? - help, v - describe, . - travel A rock wall.
There is a transporter landing site here.
You can't go up here!
You can't go down here!
There is a transporter landing site here.
The minotaur throws a silver javelin.
The silver javelin closely misses you.
There is a transporter landing site here.
Your skin crawls.
You feel strong-willed.
A red film seems to cover your vision as you go berserk!
You feel yourself moving faster!
You feel mighty!
The minotaur throws a silver javelin.
The silver javelin barely misses you.
You feel a strong urge to attack something.
The minotaur drinks a potion.
The minotaur seems to grow stronger.
There is a transporter landing site here.
You feel your anger nearly subside.
You are no longer berserk.
You are exhausted.
You feel yourself slow down.
The minotaur hits you with a +4 great mace of protection!!!
Ouch! That really hurt!
The minotaur gores you but does no damage.
You hit the minotaur. You headbutt the minotaur!
The minotaur is lightly wounded.
The minotaur hits you with a +4 great mace of protection!!
* * * LOW HITPOINT WARNING * * *
The minotaur gores you but does no damage.
You slash the minotaur! You burn the minotaur.
The minotaur is moderately wounded.
The minotaur hits you with a +4 great mace of protection!!!
Ouch! That really hurt!
You die...

########.#########.#########.####
.................................
♣..P♣..P♣..P♣P.........P♣P.P♣..P♣
.............P....∩..............
≈≈≈#≈≈≈#≈≈≈#..♣......P♣..#≈≈≈#≈≈≈
#≈###≈###≈###...........###≈###≈#
### ### ##################### ###
#.................
#.♣.♣.©@©.©.©.♣.
#.....H...........
#####.###.###.####
###.###.###.### #.............#
#.###.###.###.# #.............#
#######'####### #.#


You could see a minotaur (strong).

Vanquished Creatures
  A boulder beetle (D:7)
  2 two-headed ogres
  A necromancer (Gauntlet)
  An apocalypse crab (Gauntlet)
  A torpor snail (Gauntlet)
  An unseen horror (D:9)
  A kobold demonologist (D:10)
  A komodo dragon (D:9)
  A flying skull (D:10)
  4 wraiths
  A shadow (D:9)
  10 yaks
  3 wyverns
  3 steam dragons
  A vampire mosquito (D:7)
  Menkaure (D:6)
  An acid dragon (D:7)
  2 water moccasins
  An orc warrior (Bailey)
  A sky beast (D:8)
  4 ice beasts
  2 black bears (D:6)
  2 ogres
  3 wolves (Gauntlet)
  6 necrophages
  13 centaurs
  A phantom (D:5)
  2 kobold brigands
  2 bullfrogs (D:7)
  A wyvern zombie (D:7)
  2 scorpions (D:4)
  4 jellies
  15 killer bees
  2 wights (D:10)
  4 howler monkeys
  A bullfrog zombie (D:5)
  3 hounds
  9 centaur zombies
  4 centaur skeletons
  3 orc priests (D:9)
  3 bullfrog skeletons
  6 iguanas
  5 orc wizards
  A mummy (D:10)
  2 howler monkey zombies
  11 adders
  4 gnolls
  A howler monkey skeleton (D:7)
  A shadow imp (D:5)
  5 white imps
  2 worms
  3 dart slugs
  42 orcs
  12 ball pythons
  8 endoplasms
  3 giant cockroaches
  8 goblins
  7 hobgoblins
  3 jackals (D:4)
  2 quokkas
  7 bats
  5 frilled lizards
  13 kobolds
  3 rats
278 creatures vanquished.

Vanquished Creatures (collateral kills)
  Josephine (D:10)
  The ghost of champignon the Basher, a novice DsGl of Gozag (D:9)
  2 cyclopes (D:7)
  A wyvern (D:9)
  A wraith (D:7)
  A steam dragon (D:9)
  An orc warrior (D:7)
  An ogre (D:7)
  A centaur (D:7)
  A phantom (D:7)
  An orc wizard (D:9)
  2 orcs (D:7)
14 creatures vanquished.

Vanquished Creatures (others)
  A demonic plant (Gauntlet)
  10 plants
  A withered plant (D:10)
12 creatures vanquished.

Grand Total: 304 creatures vanquished

Notes
Turn   | Place    | Note
-------+----------+-------------------------------------------
     0 | D:1      | mkm the Minotaur Berserker began the quest for the Orb.
     0 | D:1      | Reached XP level 1. HP: 19/19 MP: 0/0
   170 | D:1      | Reached XP level 2. HP: 27/27 MP: 1/1
   270 | D:1      | Found a faded altar of an unknown god.
   751 | D:1      | Reached ** piety under Trog
   897 | D:2      | Reached XP level 3. HP: 34/34 MP: 2/2
  1075 | D:2      | Found a bloodstained altar of Trog.
  1088 | D:2      | Identified the +5 whip of the Destroying Priest {flame,
                  | Fragile Fly rElec Str+7 Int-2}
  1477 | D:2      | Reached skill level 5 in Fighting
  1740 | D:3      | Reached XP level 4. HP: 39/42 MP: 3/3
  2151 | D:3      | Reached *** piety under Trog
  2764 | D:3      | Reached skill level 1 in Axes
  2764 | D:3      | Reached XP level 5. HP: 48/50 MP: 4/4
  2952 | D:4      | Reached skill level 2 in Axes
  2990 | D:4      | Noticed an ice beast
  2999 | D:4      | Killed an ice beast
  3000 | D:4      | Reached XP level 6. HP: 57/57 MP: 5/5
  3270 | D:4      | Reached skill level 3 in Axes
  3274 | D:4      | Reached skill level 5 in Armour
  3274 | D:4      | Reached XP level 7. HP: 43/64 MP: 6/6
  3296 | D:4      | Reached skill level 4 in Axes
  3926 | D:5      | Entered Level 5 of the Dungeon
  4098 | D:5      | Found an opulent altar of Gozag.
  4101 | D:5      | Found Gozag's Platinum Reserve.
  4286 | D:5      | Reached skill level 5 in Axes
  4478 | D:5      | Found a staircase to the Ecumenical Temple.
  5447 | D:6      | Noticed a steam dragon
  5543 | D:6      | Reached XP level 8. HP: 73/73 MP: 7/7
  5544 | D:6      | Found a stormy altar of Qazlal.
  5556 | D:6      | Found a shimmering blue altar of Sif Muna.
  5576 | D:6      | Reached skill level 6 in Axes
  5785 | D:6      | Noticed a two-headed ogre
  5802 | D:6      | Killed a two-headed ogre
  5803 | D:6      | Reached skill level 7 in Axes
  5803 | D:6      | Reached skill level 5 in Dodging
  5809 | D:6      | Noticed Menkaure
  5856 | D:6      | Reached XP level 9. HP: 80/80 MP: 8/8
  5964 | D:6      | Reached skill level 8 in Axes
  6216 | D:6      | Killed Menkaure
  6607 | D:6      | Reached **** piety under Trog
  6732 | D:6      | Found a glowing golden altar of the Shining One.
  6840 | D:7      | Reached skill level 9 in Axes
  7297 | D:7      | Noticed a cyclops
  7305 | D:7      | Killed a cyclops
  7306 | D:7      | Reached skill level 10 in Axes
  7438 | D:7      | Reached XP level 10. HP: 47/90 MP: 9/9
  7458 | D:7      | Identified the +9 war axe "Esauth" {flame, rPois rCorr
                  | Str-2 Stlth+}
  7815 | D:7      | Reached skill level 11 in Axes
  7907 | D:7      | Found a broken altar of Ashenzari.
  7909 | D:7      | Found a burning altar of Makhleb.
  7911 | D:7      | Found a blossoming altar of Fedhas.
  8040 | D:7      | Noticed a cyclops
  8049 | D:7      | Killed a cyclops
  8050 | D:7      | Reached skill level 10 in Armour
  8147 | D:7      | Found a large runed translucent door.
  8148 | D:7      | Found a large runed translucent door.
  8152 | D:7      | Noticed a boulder beetle
  8166 | D:7      | Killed a boulder beetle
  8167 | D:7      | Reached skill level 12 in Axes
  8213 | D:7      | Found a basalt altar of Yredelemnul.
  8227 | D:7      | Found a snail-covered altar of Cheibriados.
  8581 | D:7      | Identified the +3 leather armour of Imperfection {Drain
                  | rF++}
  8652 | D:8      | Found a flagged portal.
  8666 | Bailey   | Entered a bailey
  8782 | Bailey   | Noticed an orc knight
  8784 | Bailey   | Noticed an orc knight
  9027 | D:8      | Found an ancient bone altar of Kikubaaqudgha.
  9180 | D:8      | Reached skill level 10 in Fighting
  9973 | D:9      | Found a shimmering altar of Xom.
  9973 | D:9      | Found a faded altar of an unknown god.
  9979 | D:9      | Found a faded altar of an unknown god.
  9981 | D:9      | Found a white marble altar of Elyvilon.
  9983 | D:9      | Found a hide-covered altar of Uskayaw.
 10010 | D:9      | Found a runed translucent gate.
 10010 | D:9      | Noticed champignon's ghost (novice DsGl)
 10011 | D:9      | Found a runed translucent gate.
 10011 | D:9      | Found a runed translucent gate.
 10056 | D:9      | Reached XP level 11. HP: 94/100 MP: 10/10
 10439 | D:9      | Found a staircase to the Lair.
 10730 | Lair:1   | Entered Level 1 of the Lair of Beasts
 10735 | Lair:1   | Reached skill level 13 in Axes
 10744 | Lair:1   | Noticed Fannar
 10960 | D:10     | Entered Level 10 of the Dungeon
 11000 | D:10     | Noticed a two-headed ogre
 11014 | D:10     | Killed a two-headed ogre
 11353 | D:10     | Reached skill level 14 in Axes
 11356 | D:10     | Reached ***** piety under Trog
 11410 | D:10     | Noticed Josephine
 11417 | D:10     | Killed Josephine
 11808 | D:11     | Noticed a four-headed hydra
 11908 | D:9      | Killed champignon's ghost
 12024 | D:11     | Reached skill level 15 in Axes
 12042 | D:11     | Found a gate leading to a gauntlet.
 12054 | Gauntlet | Entered a Gauntlet
 12054 | Gauntlet | Found a transporter.
 12063 | Gauntlet | Found a transporter.
 12065 | Gauntlet | Found a transporter.
 12079 | Gauntlet | Found a transporter.
 12082 | Gauntlet | Found a transporter.
 12086 | Gauntlet | Found a runed translucent door.
 12086 | Gauntlet | Found a runed translucent door.
 12091 | Gauntlet | Noticed a reaper
 12094 | Gauntlet | Found a transporter.
 12111 | Gauntlet | Found a transporter.
 12118 | Gauntlet | Noticed a blizzard demon
 12121 | Gauntlet | Found a transporter.
 12131 | Gauntlet | Found a transporter.
 12146 | Gauntlet | Found a transporter.
 12162 | Gauntlet | Found a runed translucent gate.
 12165 | Gauntlet | Found a runed translucent gate.
 12165 | Gauntlet | Found a transporter.
 12165 | Gauntlet | Found a transporter.
 12167 | Gauntlet | Found a runed translucent gate.
 12171 | Gauntlet | Noticed a necromancer
 12223 | Gauntlet | Found a transporter.
 12241 | Gauntlet | Found a transporter.
 12367 | Gauntlet | Reached XP level 12. HP: 106/110 MP: 11/11
 12516 | Gauntlet | Paralysed by you for 4 turns
 12740 | Gauntlet | Found the +5 scythe "Finisher" {speed, eviscerate}
 12740 | Gauntlet | Noticed a minotaur
 12764 | Gauntlet | HP: 3/110 [minotaur (35)]
 12765 | Gauntlet | Annihilated by a minotaur

Illustrated notes

Levels and vault maps discovered:
D:1:      wander_arrival_fairy_ring, layout_basic,
          shapermc_ecumenical_altar_notcrosses
D:2:      layout_loops_cross, serial_glass, glass_columns_a, glass_columns_b,
          basic_altar, due_unseen_surprise
D:3:      minmay_inner_zag, layout_loops_ring
D:4:      layout_layer_cave, grunt_ministairs_2, minivault_14
D:5:      layout_loops_corners, nicolae_gozag_zags_fifth_avenue,
          minmay_temple_entry_waves, kennysheep_generic_room_3
D:6:      layout_rooms, mainiacjoe_overflow_concentric_impassable,
          grunt_qazlal_clouds, lemuel_coloured_pillars_altar,
          serial_corexii_hall, corexii_hall_statues_x, corexii_hall_statues_t,
          uniq_menkaure
D:7:      minmay_the_grid_octo_tiled_octocenter
          [minmay_the_grid_octo_thin_diamonds,
          minmay_the_grid_octo_vomiting_pacman, minmay_the_grid_octo_chip,
          minmay_the_grid_octo_fat_diamond,
          minmay_the_grid_octo_prize_square_snowflake,
          minmay_the_grid_square_5x5_v, minmay_the_grid_square_5x5_bridge,
          minmay_the_grid_square_5x5_half_checkered,
          minmay_the_grid_square_5x5_longway], layout_basic,
          jmf_multi_god_temple2, grunt_temple_overflow_open
D:8:      layout_loops_ring, mainiacjoe_overflow_boulevard, enter_bailey_2,
          minivault_5
D:9:      layout_irregular_city, chequers_temple_overflow_minitemple,
          david_lair_shrubbed, gammafunk_ghost_split, nrook_uturn, minivault_25
D:10:     layout_basic, serial_undead, serial_undead_a, serial_undead_e,
          serial_undead_d, serial_undead_b, uniq_josephine
D:11:     lemuel_vampire_tower, layout_rooms, gauntlet_entry_generic
Lair:1:   layout_roguey, basic_altar, uniq_fannar
Gauntlet: minmay_gauntlet_77_tree [minmay_gauntlet_arena_77_block_sizes,
          minmay_gauntlet_arena_77_run_for_it,
          minmay_gauntlet_arena_77_two_paths, minmay_gauntlet_arena_77_p_blocks,
          minmay_gauntlet_arena_77_braids, minmay_gauntlet_arena_77_two_lines,
          minmay_gauntlet_arena_77_shame_cube, gauntlet_exit_hidden_loot]

Skill      XL: |  1  2  3  4  5  6  7  8  9 10 11 |
---------------+----------------------------------+-----
Fighting       | 4 5 6 7 8 10 11 | 11.6
Armour         | 3 4 5 6 8 9 10 12 | 12.4
Dodging        | 3 4 5 6 |  6.8
Axes           | 1 2 3 5 7 10 12 15 | 15.4
Maces & Flails | |  3.6

Action                   |  1- 3 |  4- 6 |  7- 9 | 10-12 || total
-------------------------+-------+-------+-------+-------++-------
Melee: Mace              |    66 |       |       |       ||    66
       Headbutt          |    12 |     7 |    44 |    53 ||   116
       Hand axe          |    18 |    52 |   217 |     2 ||   289
       War axe           |       |    33 |       |   268 ||   301
       Punch             |       |     1 |     2 |     4 ||     7
Invok: Berserk           |       |     2 |     3 |     7 ||    12
       Trog's Hand       |       |       |     4 |     2 ||     6
       Brothers in Arms  |       |       |     2 |     4 ||     6
  Use: Scroll            |       |     2 |     1 |     6 ||     9
Armor: Animal skin       |     7 |       |       |       ||     7
       Ring mail         |     5 |    25 |    62 |       ||    92
       Plate armour      |       |       |       |   223 ||   223
Dodge: Dodged            |    47 |    58 |   129 |   147 ||   381
